[Event "*** Titled Tuesday Blitz"]
[Site "Chess.com"]
[Date "2020.05.19"]
[Round "6"]
[White "ama18"]
[Black "JoachimMouhamad"]
[Result "0-1"]
[WhiteElo "2467"]
[BlackElo "2327"]
[TimeControl "180+1"]
[EndTime "13:08:54 PDT"]
[Termination "JoachimMouhamad won on time"]

1. e4 e5 2. Nf3 Nc6 3. Bb5 a6 4. Ba4 Nf6 5. O-O Be7 6. Re1 b5 7. Bb3 d6 8. c3 O-O 9. d4 Bg4 10. Be3 Na5 11. Bc2 Nc4 12. Bc1 Re8 13. h3 Bxf3 14.
Qxf3 h6 15. a4 Nb6 16. a5 Nbd7 17. Nd2 Bf8 18. Nf1 exd4 19. cxd4 c5 20. d5 Ne5 21. Qd1 Nc4 22. Ng3 g6 23. f4 Bg7 24. b3 Nxa5 25.
Ra2 c4 26. b4 Nb3 27. Bxb3 cxb3 28. Qxb3 h5 29. Bb2 h4 30. Nf1 Qb6+ 31. Kh2 Rxe4 32. Rxe4 Nxe4 33. Bxg7 Kxg7 34. Ne3 Qd4 35. Ng4 Rc8 36. Re2 Rc1 0-1

[Event "*** Titled Tuesday Blitz"]
[Site "Chess.com"]
[Date "2020.05.19"]
[Round "6"]
[White "korbul"]
[Black "MrChampion_Coach"]
[Result "1-0"]
[WhiteElo "2454"]
[BlackElo "2298"]
[TimeControl "180+1"]
[EndTime "13:08:54 PDT"]
[Termination "korbul won on time"]

1. d4 Nf6 2. c4 e6 3. Nf3 Bb4+ 4. Nbd2 O-O 5. a3 Be7 6. e3 c5 7. dxc5 a5 8. Bd3 Na6 9. b4 b6 10. cxb6 axb4 11. axb4 Bxb4 12. O-O Qxb6 13. Ne4 Nxe4 14. Bxe4 Bb7 15. Bxb7 Qxb7 16. Rb1 Qe4 17. Bb2 Rab8 18. Ne5 Rfd8 19. Bd4 Nc5 20. Rxb4 Rxb4 21. Bxc5 Rb7 22. Bd6 Ra8 23. c5 Ra6 24. Qf3 Qxf3 25. gxf3 Ra4 26. Kg2 f6 27. Nd3 Rb3 28. Nf4 g5 29. Ne2 e5 30. Ng3 Kf7 31. e4 Rc3 32. Nf5 h5 33. h3 Ra2 34. Ne3 Rd2 35. Kg3 Rb3 36. Rd1 Rdd3 37. Ra1 Ra3 38. Rxa3 Rxa3 39. c6 Rd3 40. c7 Rc3 41. Nd5 g4 42. Nxc3 h4+ 43.
Kxg4 1-0

[Event "*** Titled Tuesday Blitz"]
[Site "Chess.com"]
[Date "2020.05.19"]
[Round "6"]
[White "Kavyev_Ruslan"]
[Black "calin_dragomirescu"]
[Result "1-0"]
[WhiteElo "2439"]
[BlackElo "2203"]
[TimeControl "180+1"]
[EndTime "13:08:54 PDT"]
[Termination "Kavyev_Ruslan won by resignation"]

1. d4 g6 2. c4 Bg7 3. Nc3 Nf6 4. e4 d6 5. Be2 O-O 6. Be3 Na6 7. h4 h5 8. f3 c6 9. Nh3 Bxh3 10. Rxh3 e5 11.
dxe5 dxe5 12. Qxd8 Rfxd8 13. Rh1 Bf8 14. Bg5 Kg7 15.
Rd1 Bb4 16. Bd2 Bc5 17. a3 Bd4 18. b4 Nc7 19. Na4 b6 20. Bd3 Ne6 21. g3 Nd7 22. Ke2 b5 23. cxb5 cxb5 24. Bxb5 Nb6 25. Rb1 Nxa4 26.
Bxa4 Bb6 27. Be3 Nd4+ 28. Kf2 Rac8 29. Rhc1 f5 30. exf5 gxf5 31. Bd1 Ne6 32. Be2 Kf6 33. a4 Bxe3+ 34. Kxe3 Nd4 35. b5 f4+ 36. gxf4 exf4+ 37. Kf2 Re8 38. Bd3 Rxc1 39. Rxc1 Re3 40. Be4 Ra3 41. Rc4 Ra2+ 42. Ke1 Ke5 43. Rc5+ Ke6 44. Rxh5 Rxa4 45.
Rd5 Rb4 46. h5 Nxb5 47. h6 Nc3 48. h7 Rb8 49. Rg5 Rh8 50. Rg8 1-0

[Event "*** Titled Tuesday Blitz"]
[Site "Chess.com"]
[Date "2020.05.19"]
[Round "6"]
[White "AnishGiri"]
[Black "Goryachkina"]
[Result "1/2-1/2"]
[WhiteElo "2984"]
[BlackElo "2711"]
[TimeControl "180+1"]
[EndTime "13:08:55 PDT"]
[Termination "Game drawn by repetition"]

1. e4 e6 2. d4 d5 3. Nc3 Bb4 4. e5 c5 5. a3 Ba5 6. b4 cxd4 7. Nb5 Bc7 8. f4 Bd7 9. Nf3 Bxb5 10. Bxb5+ Nd7 11. Nxd4 a6 12. Bd3 Ne7 13. Be3 Bb6 14. O-O Nc6 15. c3 O-O 16. Qd2 Rc8 17. Rac1 Qe7 18. Kh1 Rc7 19. Bf2 Rfc8 20. Rfe1 h6 21. g3 Nxd4 22. cxd4 Nf8 23. Kg2 Qd7 24. g4 Qa4 25.
Rxc7 Rxc7 26. Qb2 Qc6 27. Qe2 Qc3 28. Qe3 Ng6 29. Kg3 Qxa3 30. f5 Rc3 31. Rd1 Nxe5 32.
fxe6 fxe6 33. Kg2 Rxd3 34. Qxe5 Rxd1 35. Qxe6+ Kh8 36. Qc8+ Kh7 37. Qf5+ Kh8 38. Qc8+ Kh7 39. Qf5+ Kh8 40. Qc8+ 1/2-1/2

[Event "*** Titled Tuesday Blitz"]
[Site "Chess.com"]
[Date "2020.05.19"]
[Round "6"]
[White "2346PL"]
[Black "Nikolaj_6"]
[Result "1-0"]
[WhiteElo "2437"]
[BlackElo "2560"]
[TimeControl "180+1"]
[EndTime "13:08:57 PDT"]
[Termination "2346PL won by resignation"]

1. d4 Nf6 2. Bg5 e6 3. Nf3 h6 4. Bxf6 Qxf6 5. e4 d6 6. c3 Qe7 7. Nbd2 g6 8. e5 Bg7 9. Bd3 Nd7 10. Qe2 a6 11. h4 h5 12. O-O-O b5 13. Be4 d5 14. Bc2 c5 15. Ng5 b4 16. Rh3 Bh6 17.
cxb4 cxd4 18. f4 Qxb4 19. Rb3 d3 20. Qf3 Qa5 21. Rxd3 Rb8 22. Ra3 Qd8 23. Nb3 Bf8 24.
Ra4 Nc5 25. Nxc5 Bxc5 26. Qd3 Qb6 27. b3 a5 28. Nxf7 Kxf7 29. Qxg6+ Ke7 30. Qg7+ Kd8 31. Qxh8+ Kc7 32. Qg7+ Bd7 33. f5 exf5 34. e6 Qxe6 35.
Rxa5 Bb6 36. Raxd5 Be3+ 37. Kb1 Rd8 38. Bxf5 1-0

[Event "*** Titled Tuesday Blitz"]
[Site "Chess.com"]
[Date "2020.05.19"]
[Round "6"]
[White "TreinadorBR"]
[Black "Ariadna_Atreides"]
[Result "0-1"]
[WhiteElo "2247"]
[BlackElo "2082"]
[TimeControl "180+1"]
[EndTime "13:08:57 PDT"]
[Termination "Ariadna_Atreides won by resignation"]

1. e4 c5 2. Nf3 d6 3. d4 cxd4 4.
Nxd4 Nf6 5. Nc3 Nc6 6. Bg5 e6 7.
Qd2 a6 8. f3 Bd7 9. O-O-O b5 10. Kb1 Be7 11. g4 h6 12. Bxf6 gxf6 13. Bxb5 axb5 14.
Ndxb5 Ne5 15. Nxd6+ Bxd6 16. Qxd6 Nxf3 17. e5 Nxe5 18.
Ne4 Qe7 19. Qc7 Bc6 20. Nxf6+ Qxf6 21. Rhf1 Qg7 22. Rde1 O-O 23. Rxe5 Bd5 24. a3 Rac8 25.
Qd6 Rfd8 26. Rxd5 Rxd6 27. Rxd6 Qxg4 28. Rdd1 Kf8 29. Rd3 Qg2 30. Rc1 Qxh2 31. Rf3 h5 32. c3 Rb8 33. b4 Qe2 34. Rcf1 f5 35. R1f2 Qe1+ 36. Kb2 h4 37. Rh2 Rd8 38. Rff2 Qe4 39. Re2 Qc4 40. Re3 Rd3 41. Rxd3 Qxd3 42. Rxh4 Qd2+ 43. Kb3 f4 44. Rh8+ Kg7 45. Re8 f3 46. Re7+ Kf6 47. Re8 f2 48. a4 Ke5 49. Rf8 Qd1+ 50.
Ka3 f1=Q 0-1

[Event "*** Titled Tuesday Blitz"]
[Site "Chess.com"]
[Date "2020.05.19"]
[Round "6"]
[White "elohunter1999"]
[Black "WanderingPuppet"]
[Result "0-1"]
[WhiteElo "2540"]
[BlackElo "2346"]
[TimeControl "180+1"]
[EndTime "13:08:58 PDT"]
[Termination "WanderingPuppet won by resignation"]

1. e4 c5 2. Nf3 d6 3. d4 cxd4 4. Nxd4 Nf6 5. Nc3 a6 6. Bg5 e6 7. f4 h6 8. Bh4 Qb6 9. a3 Nc6 10. Bf2 Qc7 11. Qf3 Bd7 12. O-O-O Rb8 13. g4 b5 14.
Nxc6 Bxc6 15. Bd3 b4 16. axb4 Qb7 17. b3 Qxb4 18. Kb2 d5 19. Be1 dxe4 20. Nxe4 Bxe4 21.
Bxe4 Qxe4 22. Qf1 Bb4 23. Bg3 O-O 24. f5 Rbc8 25. c4 Nd5 26. Be1 Qe5+ 27. Kc2 Ne3+ 28. Kb1 Nxf1 29. Rxf1 Qe4+ 30. Kb2 Qe2+ 31. Kb1 Qxd1+ 0-1

[Event "*** Titled Tuesday Blitz"]
[Site "Chess.com"]
[Date "2020.05.19"]
[Round "6"]
[White "ChelsieMonica"]
[Black "Glidzhian_Gor"]
[Result "1-0"]
[WhiteElo "2360"]
[BlackElo "2459"]
[TimeControl "180+1"]
[EndTime "13:08:58 PDT"]
[Termination "ChelsieMonica won by checkmate"]

1. c4 Nf6 2. Nc3 g6 3. Nf3 Bg7 4. e3 O-O 5. Be2 b6 6. O-O Bb7 7. b3 c5 8. Bb2 d6 9. Rc1 Nbd7 10. d4 e5 11. dxe5 dxe5 12. Qc2 Qe7 13. Rfd1 e4 14. Nd2 Rfe8 15. Nf1 Rad8 16. Ng3 h5 17. h4 Ne5 18.
Ngxe4 Nxe4 19. Nxe4 Qxh4 20. Nd6 Rxd6 21. Rxd6 Be4 22.
Qd2 Qg5 23. g3 h4 24. Bxe5 Bxe5 25. g4 h3 26. f3 Bxd6 27. fxe4 Rxe4 28. Rf1 Rxg4+ 29. Bxg4 Qxg4+ 30. Kh1 Qe4+ 31. Kg1 h2+ 32. Kf2 Be5 33. Qd8+ Kg7 34. Qd1 g5 35. Qf3 Qc2+ 36. Qe2 Qf5+ 37. Kg2 Qe4+ 38. Qf3 Qc2+ 39. Rf2 Qg6 40.
Qg4 Qc6+ 41. e4 f6 42. Rd2 Kg6 43. Qf5+ Kh5 44. Qh7+ Kg4 45. Qh3+ Kf4 46. Qf3# 1-0

[Event "*** Titled Tuesday Blitz"]
[Site "Chess.com"]
[Date "2020.05.19"]
[Round "6"]
[White "CroissantNeuf"]
[Black "XDPS"]
[Result "0-1"]
[WhiteElo "2356"]
[BlackElo "2670"]
[TimeControl "180+1"]
[EndTime "13:08:58 PDT"]
[Termination "XDPS won on time"]

1. Nf3 d5 2. g3 c6 3. Bg2 Bg4 4. h3 Bh5 5. O-O Nd7 6. c4 e6 7. cxd5 exd5 8. d3 Ngf6 9. Nc3 Bd6 10. e4 dxe4 11. dxe4 Qc7 12. g4 Bg6 13. e5 Nxe5 14.
Nxe5 Bxe5 15. f4 Bd6 16. Re1+ Kf8 17. f5 Rd8 18. Qf3 Kg8 19. Bg5 Rf8 20. Ne4 Nxe4 21. Qxe4 h6 22. Bh4 Bh7 23. Rad1 g5 24. Bf2 Kg7 25.
Bd4+ f6 26. Qe6 Rf7 27. Bc3 Rd8 28. Kh1 Bg8 29. h4 Rff8 30. hxg5 Bxe6 31. Rxe6 hxg5 0-1

[Event "*** Titled Tuesday Blitz"]
[Site "Chess.com"]
[Date "2020.05.19"]
[Round "6"]
[White "pavelalexandru07"]
[Black "tgpgoat"]
[Result "0-1"]
[WhiteElo "2193"]
[BlackElo "2053"]
[TimeControl "180+1"]
[EndTime "13:08:58 PDT"]
[Termination "tgpgoat won by resignation"]

1. e4 c5 2. Nf3 Nc6 3. d4 cxd4 4. Nxd4 e6 5. c4 Qc7 6. Nc3 a6 7. a3 Nf6 8. Be3 Be7 9. Be2 O-O 10. O-O Rd8 11. Rc1 Qb8 12. Qd2 d5 13. exd5 exd5 14. cxd5 Nxd5 15. Nxd5 Rxd5 16. Bf3 Rd8 17. Nxc6 bxc6 18.
Qc2 Bb7 19. Rfe1 c5 20. Bxb7 Qxb7 21. Bxc5 Bxc5 22. Qxc5 Qxb2 23. Red1 Rxd1+ 24. Rxd1 g6 25. g3 Rb8 26. a4 Qe2 27. Qd6 Rb2 28. Qd8+ Kg7 29. Qd4+ Kg8 30. Rf1 Rd2 31. Qc5 Rd1 32. Rxd1 Qxd1+ 33. Kg2 Qxa4 34. Qc8+ Kg7 35. Qc3+ Kf8 36.
Qc8+ Ke7 37. Qc7+ Qd7 38. Qc5+ Qd6 39. Qa7+ Ke6 40. Qe3+ Kd7 41. Qa7+ Ke6 42. Qe3+ Kf6 43. Qc3+ Qe5 44. Qc6+ Qe6 45. Qc3+ Kf5 46. Qf3+ Ke5 47. Qc3+ Kd5 48. Qb3+ Kc5 49. Qa3+ Kb5 50. Qb2+ Ka4 51. Qc2+ Qb3 52. Qc6+ Qb5 53. Qc7 Qd5+ 54. f3 a5 55. Qc2+ Qb3 56. Qc6+ Ka3 57. Qc1+ Qb2+ 58. Qxb2+ Kxb2 0-1

[Event "*** Titled Tuesday Blitz"]
[Site "Chess.com"]
[Date "2020.05.19"]
[Round "6"]
[White "SharapovEvgeny"]
[Black "garfield_pg"]
[Result "1-0"]
[WhiteElo "2377"]
[BlackElo "2160"]
[TimeControl "180+1"]
[EndTime "13:08:59 PDT"]
[Termination "SharapovEvgeny won on time"]

1. e4 c5 2. Nf3 a6 3. d4 cxd4 4. Nxd4 Nf6 5. Nc3 e5 6. Nb3 Bb4 7. Bd2 Nc6 8. Bd3 O-O 9. O-O d5 10. Nxd5 Nxd5 11. exd5 Qxd5 12. Qe2 Bxd2 13. Qxd2 e4 14. Be2 Qxd2 15. Nxd2 Nd4 16. Bd1 f5 17. c3 Nc6 18. Bb3+ Kh8 19. Nc4 b5 20. Nd6 Ne5 21. f4 exf3 22. Rfe1 f2+ 23. Kxf2 Nd3+ 24. Kf1 Nxe1 25.
Rxe1 Ra7 26. Nf7+ Raxf7 27. Bxf7 g6 28. Re7 f4 29. Kf2 Bg4 30. Be6 Bxe6 31. Rxe6 a5 32. Ra6 b4 33. Rxa5 bxc3 34. bxc3 Rc8 35. Ra3 Kg7 36.
Rb3 Kf6 37. a4 Ra8 38. Ra3 Ra5 39. Ke2 Ke5 40. Kd3 g5 41. Kc4 g4 42. Kb4 Ra8 43.
a5 Ke4 44. a6 f3 45. gxf3+ gxf3 46. Kb5 f2 47. Ra1 Rb8+ 48. Kc6 Rc8+ 49. Kb7 Rxc3 50.
a7 Rb3+ 51. Kc7 Rc3+ 52. Kd7 Rd3+ 53. Ke7 Ra3 54. Rxa3 f1=Q 55. a8=Q+ 1-0

[Event "*** Titled Tuesday Blitz"]
[Site "Chess.com"]
[Date "2020.05.19"]
[Round "6"]
[White "Crazy_girl99"]
[Black "Karina_Ivanova"]
[Result "1-0"]
[WhiteElo "2426"]
[BlackElo "2204"]
[TimeControl "180+1"]
[EndTime "13:09:00 PDT"]
[Termination "Crazy_girl99 won by resignation"]

1. Nf3 Nf6 2. g3 b6 3. Bg2 Bb7 4. d4 e6 5. O-O Be7 6. c4 O-O 7. Nc3 Ne4 8. d5 Nxc3 9. bxc3 Bf6 10. Qd3 Na6 11. Ba3 Nc5 12. Bxc5 bxc5 13. e4 d6 14. Nd2 e5 15. f4 exf4 16. gxf4 g6 17. Rae1 Re8 18. Nf3 Qd7 19. e5 Bg7 20. Ng5 Rab8 21. e6 fxe6 22. dxe6 Qe7 23. Bd5 c6 24. Bg2 Rbd8 25.
Qg3 d5 26. f5 Qd6 27. Qxd6 Rxd6 28. f6 Bxf6 29. Rxf6 Bc8 30. cxd5 cxd5 31. Re5 Kg7 32.
Rf7+ Kg8 33. Bxd5 Bxe6 34. Nxe6 Rxd5 35. Rg7+ Kh8 36. Rxd5 1-0

[Event "*** Titled Tuesday Blitz"]
[Site "Chess.com"]
[Date "2020.05.19"]
[Round "6"]
[White "WiktoriaPOL"]
[Black "DDTerziev04"]
[Result "0-1"]
[WhiteElo "2010"]
[BlackElo "2254"]
[TimeControl "180+1"]
[EndTime "13:09:00 PDT"]
[Termination "DDTerziev04 won on time"]

1. c4 Nf6 2. Nc3 g6 3. g3 Bg7 4. Bg2 d6 5. e4 O-O 6. Nge2 e5 7. O-O c6 8. d3 Nbd7 9. Be3 Nc5 10. h3 Ne6 11. f4 Ne8 12. f5 Nd4 13. Bxd4 exd4 14.
Nb1 d5 15. cxd5 cxd5 16. fxg6 hxg6 17. exd5 Nc7 18. Nd2 Nxd5 19. Bxd5 Qxd5 20. Nf3 Bxh3 21. Rf2 Bh6 22. Kh2 Bg4 23. Nf4 Bxf4 24. gxf4 Qh5+ 25.
Kg1 Qh3 26. Qf1 Qg3+ 27. Qg2 Qxg2+ 28. Kxg2 Rad8 29. Ne5 Bf5 30. Kf3 f6 31. Ng4 Bxd3 32.
Rg1 Kg7 33. Rd1 Bf5 34. Rfd2 d3 35. Ne3 Be6 36. Rxd3 Rxd3 37. Rxd3 Bxa2 38. Ra3 Be6 39. Rxa7 Rf7 40. Ke4 Re7 41. Kf3 Bd7 42. Kf2 Bc6 43. f5 g5 44. Ra5 Re4 45. Rc5 Rb4 46. Nc4 Bb5 47. Nd6 Bc6 48. Nc4 Rb3 49. Ke2 Bb5 50.
Kd2 Bxc4 51. Rxc4 Rxb2+ 52. Kc3 Rb6 53. Rc7+ Kh6 54. Kd4 Kh5 55. Ke4 Kg4 56. Rc5 Rb4+ 57. Ke3 Rf4 58. Rc7 b5 59. Rb7 b4 60. Rb6 b3 61.
Rxf6 Rb4 62. Rc6 b2 0-1

[Event "*** Titled Tuesday Blitz"]
[Site "Chess.com"]
[Date "2020.05.19"]
[Round "6"]
[White "MarcoRiehle"]
[Black "LiamVrolijk"]
[Result "1-0"]
[WhiteElo "2657"]
[BlackElo "2808"]
[TimeControl "180+1"]
[EndTime "13:09:01 PDT"]
[Termination "MarcoRiehle won by resignation"]

1. e4 e5 2. Nf3 Nc6 3. Bc4 Bc5 4. O-O Nf6 5. d4 Bxd4 6. Nxd4 Nxd4 7. Bg5 h6 8. Bh4 d6 9. f4 Bg4 10. Bxf6 Bxd1 11.
Bxd8 Rxd8 12. Rxd1 Nxc2 13. Nc3 Nxa1 14. Rxa1 exf4 15. Nd5 Kd7 16. Nxf4 Rhe8 17. Bd3 Re5 18. Rf1 c6 19. g3 Kc7 20. Kg2 Rd7 21. h4 g5 22. hxg5 hxg5 23. Nh5 Rde7 24. Nf6 Kb6 25.
Rf3 a5 26. Bc2 Ka6 27. Bd3+ Ka7 28. Rf1 b5 29. Rh1 R5e6 30. Ng4 Kb6 31. Rh5 Kc5 32. Rxg5+ Kd4 33. Nf2 Rg6 34. Rf5 f6 35. Rf3 Re5 36.
Bb1 Reg5 37. e5 dxe5 38. Bxg6 Rxg6 39. Rd3+ Kc4 40. Rd6 c5 41. Ne4 a4 42. Rxf6 Rg8 43. Rd6 b4 44. Nd2+ Kb5 45. b3 axb3 46. axb3 e4 47.
Nc4 Rb8 48. Kf2 e3+ 49. Ke2 Rb7 50. g4 Rb8 51. g5 Rb7 52. g6 Rb8 53. g7 Rb7 54. g8=Q 1-0

[Event "*** Titled Tuesday Blitz"]
[Site "Chess.com"]
[Date "2020.05.19"]
[Round "6"]
[White "pichonazo"]
[Black "Mikhail_Biryukov"]
[Result "1/2-1/2"]
[WhiteElo "2506"]
[BlackElo "2639"]
[TimeControl "180+1"]
[EndTime "13:09:01 PDT"]
[Termination "Game drawn - insufficient material"]

1. e4 c5 2. c3 Nf6 3. e5 Nd5 4. Nf3 Nc6 5. Bc4 Nb6 6. Bb3 c4 7. Bc2 d6 8. exd6 e5 9. d4 cxd3 10. Qxd3 Qxd6 11. O-O Qxd3 12. Bxd3 Bd6 13. Re1 f6 14. Nbd2 O-O 15. Nc4 Bc7 16. Be3 Be6 17. Nxb6 Bxb6 18. Bxb6 axb6 19. a3 Rfd8 20. Rad1 Bb3 21.
Rd2 Na5 22. Be4 Kf8 23. Ree2 Bc4 24. Rxd8+ Rxd8 25. Rd2 Rxd2 26. Nxd2 Bg8 27. b4 Nc6 28. f3 g6 29. g4 Be6 30. h3 Ke7 31. Kf2 Kd6 32. Ke3 f5 33. Bd3 Ne7 34. Nc4+ Bxc4 35. Bxc4 Nd5+ 36. Kd2 Nf4 37. h4 h6 38. gxf5 gxf5 39.
Bf7 Ke7 40. Bb3 b5 41. c4 bxc4 42. Bxc4 Ng2 43. a4 Nxh4 44. Ke3 Ng2+ 45. Kf2 Nf4 46.
a5 Kd6 47. b5 Kc5 48. Bf1 Nd5 49.
Kg3 e4 50. fxe4 fxe4 51. a6 bxa6 52. bxa6 Kb6 53. Bc4 Ne3 54. Be2 Nd5 55. Bc4 Nf6 56. Kf4 h5 57. Bf1 h4 58. Kg5 e3 59. Kxh4 Nd5 60.
Kg3 Nc7 61. Kf3 Nxa6 62. Bxa6 e2 63. Kxe2 1/2-1/2

[Event "*** Titled Tuesday Blitz"]
[Site "Chess.com"]
[Date "2020.05.19"]
[Round "6"]
[White "Joshukid"]
[Black "Rodchenkov_Vitalij"]
[Result "1-0"]
[WhiteElo "2554"]
[BlackElo "2387"]
[TimeControl "180+1"]
[EndTime "13:09:01 PDT"]
[Termination "Joshukid won by resignation"]

1. d4 d5 2. Nc3 Nf6 3. Bf4 e6 4. e3 Be7 5. Nf3 O-O 6. Ne5 c5 7. dxc5 Bxc5 8. Bd3 Nbd7 9. Nxd7 Bxd7 10. O-O Bc6 11. Qe2 Re8 12. e4 dxe4 13. Nxe4 Nxe4 14.
Bxe4 Bxe4 15. Qxe4 Qf6 16. Be5 Qg6 17. Qxb7 Qxc2 18.
Rac1 Bxf2+ 19. Kh1 Qd2 20. Qf3 Qe3 21. Qxf2 Qxe5 22. Qxf7+ Kh8 23. Rc7 Rg8 24. b3 a5 25.
Re7 a4 26. Rxe6 Qb2 27. Re3 Qxa2 28. Rh3 Qc2 29. bxa4 Rxa4 30. Rhf3 h6 31. Qh5 Ra2 32. Rg3 Qf2 33. Rg1 Re2 34. Rf3 Qa7 35. Rf7 Rf2 36.
Rxa7 1-0

[Event "*** Titled Tuesday Blitz"]
[Site "Chess.com"]
[Date "2020.05.19"]
[Round "6"]
[White "OparinGrigoriy"]
[Black "LionTheLeon_06"]
[Result "1-0"]
[WhiteElo "2908"]
[BlackElo "2681"]
[TimeControl "180+1"]
[EndTime "13:09:03 PDT"]
[Termination "OparinGrigoriy won on time"]

1. Nf3 Nf6 2. d4 e6 3. c4 b6 4. g3 Ba6 5. b3 Bb4+ 6. Bd2 Be7 7.
Bg2 d5 8. cxd5 exd5 9. Nc3 O-O 10.
O-O Bb7 11. Ne5 Re8 12. Bc1 Nbd7 13. Bb2 c5 14. e3 Bf8 15. f4 cxd4 16. exd4 Bb4 17.
Ne2 Ne4 18. a3 Bd6 19. Rc1 Ndf6 20. Qd3 a5 21. Rfe1 Ba6 22. Qf3 Rc8 23. g4 Rxc1 24. Rxc1 Nd2 25. Qe3 Nxb3 26. Re1 a4 27. Ng3 Nxg4 28. Qf3 Nh6 29. Qxd5 Bf8 30. Nf5 Qc7 31. Nxh6+ gxh6 32. Re3 Bg7 33. Rg3 Rd8 34. Qe4 1-0

[Event "*** Titled Tuesday Blitz"]
[Site "Chess.com"]
[Date "2020.05.19"]
[Round "6"]
[White "spectralsoul"]
[Black "BanjoKazooieN64"]
[Result "1-0"]
[WhiteElo "2844"]
[BlackElo "2540"]
[TimeControl "180+1"]
[EndTime "13:09:03 PDT"]
[Termination "spectralsoul won by resignation"]

1. Nf3 Nf6 2. g3 d5 3. Bg2 Bf5 4. O-O e6 5. c4 c6 6. cxd5 exd5 7. d3 h6 8. Qb3 Qb6 9. Qc2 Be7 10. Nc3 O-O 11. e4 Bh7 12. Be3 Qd8 13. h3 Na6 14.
a3 Bc5 15. Bd2 Re8 16. Rae1 Rc8 17. Kh2 Bf8 18. b4 b5 19. Qb1 d4 20. Ne2 c5 21.
bxc5 Nxc5 22. Nexd4 a6 23. Bb4 Rc7 24. Ba5 Ree7 25.
Rc1 Red7 26. Bxc7 Qxc7 27. Nb3 Qb6 28. Nxc5 Bxc5 29. Qa2 Rd8 30. Ne5 Rf8 31. f4 Be3 32.
Rc6 Qb7 33. Re1 Bd4 34. Rec1 a5 35. Rc7 Qb8 36. Rxf7 Kh8 37. Rxf8+ Qxf8 38. Nf7+ Kg8 39.
Nxh6+ Kh8 40. Nf7+ Kg8 41. Ng5+ Kh8 42. Ne6 Qg8 43.
f5 b4 44. axb4 axb4 45. Rc7 Nh5 46. Qe2 Nxg3 47. Qc2 Bc3 48. Rxc3 bxc3 49. Kxg3 Qc8 50. Kf2 Bg8 51. Nf4 Qc5+ 52. Kf3 Qb4 53. Ne2 Qb6 54.
Qxc3 Qf2+ 55. Kxf2 1-0

[Event "*** Titled Tuesday Blitz"]
[Site "Chess.com"]
[Date "2020.05.19"]
[Round "6"]
[White "BakaPG"]
[Black "Jumbo"]
[Result "0-1"]
[WhiteElo "2610"]
[BlackElo "2864"]
[TimeControl "180+1"]
[EndTime "13:09:04 PDT"]
[Termination "Jumbo won on time"]

1. e4 e5 2. Nf3 Nc6 3. Bb5 a6 4. Ba4 g6 5. O-O Bg7 6. c3 Nge7 7. d4 b5 8. Bb3 exd4 9. cxd4 O-O 10. d5 Na5 11. Nbd2 d6 12. h3 Kh8 13. Bc2 f5 14.
exf5 Nxf5 15. Nb3 Nc4 16. Nbd4 Nxd4 17. Nxd4 Qf6 18. Nf3 Bxh3 19. Ng5 Bd7 20. Nxh7 Qd4 21. Nxf8 Rxf8 22. Bxg6 Qxd1 23. Rxd1 Nxb2 24. Bxb2 Bxb2 25. Rab1 Ba3 26. Rb3 Bc5 27. Rf3 Rxf3 28. gxf3 Kg7 29. Bh5 b4 30. Re1 Bb5 31. Re7+ Kf6 32. Rxc7 Bc4 33.
f4 Bxd5 34. Be2 a5 35. Bd1 Bxa2 36. Rc8 Bd5 37. Rb8 Kf5 38. Ba4 Kxf4 39. Rb5 Bc4 40.
Rxa5 b3 41. Ra8 b2 42. Rb8 Bd4 43. Bc2 d5 44. Kg2 Be2 45. Rf8+ Kg5 46. f4+ Kg4 47. f5 Bf3+ 48. Kf1 Be5 49. f6 Be4 50. Bxe4 dxe4 51. Rg8+ Kh4 52. Rh8+ Kg5 0-1

[Event "*** Titled Tuesday Blitz"]
[Site "Chess.com"]
[Date "2020.05.19"]
[Round "6"]
[White "Raja3401"]
[Black "Fandorine"]
[Result "1/2-1/2"]
[WhiteElo "2740"]
[BlackElo "2883"]
[TimeControl "180+1"]
[EndTime "13:09:05 PDT"]
[Termination "Game drawn by agreement"]

1. e4 e5 2. Nf3 Nc6 3. Bb5 a6 4. Ba4 d6 5. O-O Bd7 6. d4 Nxd4 7.
Bxd7+ Qxd7 8. Nxd4 exd4 9. Qxd4 Nf6 10. Nc3 Be7 11. Bg5 O-O 12. Rad1 h6 13. Bxf6 Bxf6 14.
e5 Be7 15. exd6 Bxd6 16. Ne4 Rad8 17. Nxd6 Qxd6 18. Qxd6 Rxd6 19. Rxd6 cxd6 20. Rd1 Rc8 21. c3 Rc6 22. f3 Kf8 23. Kf2 Ke7 24. Ke3 Ke6 25. g4 Rc5 26. f4 g5 27. h3 f5 28.
Kf3 a5 29. Re1+ Kf7 30. Rd1 Ke6 31. Rd2 gxf4 32. Kxf4 Rc4+ 33. Kg3 fxg4 34. hxg4 b5 35. Kh4 b4 36. cxb4 axb4 37. Kh5 d5 38. Rg2 d4 39. Kxh6 d3 40. Rd2 Rd4 41. g5 Kf5 42. g6 Rd6 43. Kh5 1/2-1/2

[Event "*** Titled Tuesday Blitz"]
[Site "Chess.com"]
[Date "2020.05.19"]
[Round "6"]
[White "wild_cat99"]
[Black "JLRHei"]
[Result "1-0"]
[WhiteElo "2559"]
[BlackElo "2334"]
[TimeControl "180+1"]
[EndTime "13:09:05 PDT"]
[Termination "wild_cat99 won by resignation"]

1. Nf3 Nf6 2. e3 g6 3. d4 Bg7 4. c4 O-O 5. Bd3 c5 6. O-O d5 7. cxd5 Nxd5 8. e4 Nb4 9. Bg5 cxd4 10. Bc4 N4c6 11. Nbd2 Nd7 12. Nb3 h6 13. Bf4 e5 14. Bd2 Nb6 15. Bb5 Bg4 16. h3 Be6 17. Nc5 Bc4 18. Nxb7 Qc7 19. Bxc4 Nxc4 20. Nc5 Nxd2 21.
Qxd2 Rfc8 22. a3 a5 23. Rfc1 Kh7 24. Rc2 Qb6 25. Rac1 Qb5 26. a4 Qb4 27. Qd1 Ne7 28. Nd3 Qb7 29. Rc5 Qxe4 30. Nfxe5 Nf5 31. Rxc8 Rxc8 32.
Rxc8 Bxe5 33. Nxe5 Qxe5 34. Ra8 Nd6 35. Qf3 Kg7 36.
Ra7 d3 37. Qxd3 Qe1+ 38. Kh2 Qxf2 39. Rxa5 Nf5 40. Qc3+ Kh7 41. Ra8 Qf4+ 42. Kg1 Qe3+ 43. Qxe3 Nxe3 44. a5 Nc4 45. a6 Nxb2 46. a7 Na4 47.
Rb8 1-0

[Event "*** Titled Tuesday Blitz"]
[Site "Chess.com"]
[Date "2020.05.19"]
[Round "6"]
[White "ErikRonka"]
[Black "talaicito"]
[Result "1-0"]
[WhiteElo "2379"]
[BlackElo "2167"]
[TimeControl "180+1"]
[EndTime "13:09:05 PDT"]
[Termination "ErikRonka won by resignation"]

1. e4 e5 2. Nc3 Nf6 3. Bc4 c6 4. d4 d5 5. exd5 cxd5 6. dxe5 dxc4 7. Qxd8+ Kxd8 8. exf6 gxf6 9. Bf4 Be6 10. O-O-O+ Kc8 11. Nd5 Na6 12. Nxf6 Nc5 13. Nf3 c3 14. b3 a5 15.
Nd5 Bxd5 16. Rxd5 a4 17. b4 Ne4 18. Rhd1 Bxb4 19. R1d4 Ba3+ 20. Kd1 Re8 21. Rc4+ Bc5 22.
Rdxc5+ Nxc5 23. Rxc5+ Kd7 24. Rxc3 Ke6 25. Be3 Rac8 26.
Rxc8 Rxc8 27. Kd2 Kd5 28. Kd3 f6 29. Nd2 b5 30. Ne4 Rc6 31. Nc3+ Ke6 32. Nxb5 h5 33.
Nd4+ Kd5 34. Nxc6 Kxc6 35. Kc4 h4 36. Kb4 h3 37. gxh3 Kd5 38. Kxa4 Ke4 39. Kb5 Kf3 40.
a4 Kg2 41. a5 f5 42. a6 f4 43.
a7 fxe3 44. fxe3 1-0

[Event "*** Titled Tuesday Blitz"]
[Site "Chess.com"]
[Date "2020.05.19"]
[Round "6"]
[White "YellowJacek"]
[Black "TurboSteen"]
[Result "1-0"]
[WhiteElo "2295"]
[BlackElo "1992"]
[TimeControl "180+1"]
[EndTime "13:09:05 PDT"]
[Termination "YellowJacek won on time"]

1. e4 e6 2. d4 d5 3. Nc3 Bb4 4. e5 Ne7 5. a3 Bxc3+ 6. bxc3 c5 7. Qg4 Qc7 8. Bd3 c4 9. Be2 Nf5 10. Bd1 Nc6 11. Ne2 O-O 12. Ng3 Qa5 13.
Bd2 f6 14. exf6 Rxf6 15. Nxf5 exf5 16. Qf4 Bd7 17. O-O Re8 18. Bf3 h6 19. h4 Nd8 20.
a4 Ne6 21. Qd6 Bc6 22. Rfe1 Kh7 23. Qa3 Nxd4 24. cxd4 Qxd2 25. Rxe8 Bxe8 26. Bxd5 Qxd4 27. Bxb7 f4 28. Bf3 g5 29. hxg5 hxg5 30. Rd1 Qe5 31. Qb4 Bf7 32. Re1 Qf5 33. Qe7 Kg6 34. Be4 1-0

[Event "*** Titled Tuesday Blitz"]
[Site "Chess.com"]
[Date "2020.05.19"]
[Round "6"]
[White "Luibov_AN"]
[Black "allvim"]
[Result "1-0"]
[WhiteElo "2087"]
[BlackElo "2255"]
[TimeControl "180+1"]
[EndTime "13:09:05 PDT"]
[Termination "Luibov_AN won by checkmate"]

1. d4 Nf6 2. Nf3 d5 3. c4 e6 4. Nc3 Be7 5. e3 O-O 6. Qc2 a6 7. b3 b6 8. Bd3 Bb7 9. O-O Nbd7 10. Ne5 Rc8 11. cxd5 exd5 12. Qe2 b5 13. Bb2 c5 14. Rac1 Bd6 15. f4 Qb6 16. Nd1 c4 17. Bf5 Rcd8 18. g4 Bxe5 19. dxe5 Ne4 20. Bd4 Qc7 21. g5 Ndc5 22. b4 Na4 23. Qg4 Bc8 24. Bxc8 Qxc8 25. f5 g6 26. Qh3 Nxg5 27. Qg4 Ne4 28.
Rf4 Qd7 29. Nf2 Nxf2 30. Rxf2 Rfe8 31. Rcf1 Kf8 32. Qh4 h5 33. Qg5 Kg7 34. e6+ Kh7 35. exd7 Rxd7 36. fxg6+ fxg6 37. Rf7+ Rxf7 38. Rxf7+ Kg8 39.
Qxg6# 1-0